 Dungeon Crawl Stone Soup version 0.31.0-11-ge490571c62 (webtiles) character file.

Game seed: 4258385142145995677

153 boopmooplesden the Covered (level 5, -7/45 HPs)
             Began as an Armataur Fighter on Feb 1, 2024.
             Killed by divine providence
             ... invoked by an orc priest
              (17 damage)
             ... on level 3 of the Dungeon.
             The game lasted 00:02:54 (1812 turns).

boopmooplesden the Covered (Armataur Fighter)       Turns: 1812, Time: 00:02:56

Health: -7/45      AC: 10    Str: 21    XL:     5   Next: 12%
Magic:  5/5        EV:  7    Int: 11    God:
Gold:   128        SH:  4    Dex: 12    Spells: 4/4 levels left

rFire   . . .        a - +0 long sword
rCold   . . .        c - +0 buckler
rNeg    . . .        b - +0 scale mail
rPois   .            h - +2 helmet {Int+3}
rElec   .            (no cloak)
rCorr   .            (no gloves)
SInv    .            (no barding)
Will    .....        (no amulet) Stlth
                     (no ring)
HPRegen 0.27/turn    (no ring)
MPRegen 0.75/turn

%: roll
@: mighty
A: large, deformed body, tough skin 3, armoured tail, roll 1
a: no special abilities


You were on level 3 of the Dungeon.
You visited 1 branch of the dungeon, and saw 3 of its levels.

You collected 128 gold pieces.

Inventory:

Hand Weapons
 a - a +0 long sword (weapon)
 g - a +2 whip of electrocution
Missiles
 o - a throwing net (quivered)
Armour
 b - a +0 scale mail (worn)
 c - a +0 buckler (worn)
 h - a +2 helmet of intelligence (worn)
Jewellery
 i - a +6 ring of dexterity
Talismans
 e - a granite talisman
 f - a serpent talisman
Potions
 j - a potion of curing {unknown}
 n - a potion of mutation {unknown}


   Skills:
 + Level 3.1 Fighting
 + Level 3.4 Long Blades
 + Level 4.8 Armour
 + Level 0.3 Dodging
 + Level 0.1 Stealth
 + Level 3.7 Shields


You had 4 spell levels left.
You didn't know any spells.
Your spell library contained the following spells:

 Spells                   Type           Power      Damage    Failure   Level
 Magic Dart               Conj           0%         1d3       75%         1
 Summon Small Mammal      Summ           0%         N/A       75%         1
 Blink                    Tloc           0%         N/A       86%         2
 Call Imp                 Summ           0%         N/A       86%         2
 Call Canine Familiar     Summ           0%         N/A       98%         3
 Summon Blazeheart Golem  Fire/Summ      0%         N/A       100%        4


Dungeon Overview and Level Annotations

Branches:
Dungeon (3/15)

Altars:


Innate Abilities, Weirdness & Mutations

Armour fits poorly on your strangely shaped body.
You have extremely tough skin. (AC +3)
You have a long armoured tail.
You regenerate magic when rolling toward enemies. (Rampage MPRegen)


Message History

The ribbon worm bites you.
You slash the ribbon worm!
The ribbon worm is heavily wounded.
The orc priest begins to cast a cantrip, but forgets the words!
The ribbon worm bites you but does no damage.
You barely miss the ribbon worm.
The ribbon worm is heavily wounded.
You block the ribbon worm's attack.
The orc wizard gestures wildly while chanting.
The orc wizard flickers and vanishes!
Deactivating autopickup; reactivate with Ctrl-A.
You barely miss the ribbon worm.
The ribbon worm is moderately wounded.
The ribbon worm barely misses you.
You barely miss the ribbon worm.
The ribbon worm is moderately wounded.
The ribbon worm expels a string of sticky webbing.
The stream of webbing hits you but does no damage.
You are caught in a web!
The web tears apart.
You block the ribbon worm's attack.
You slice the ribbon worm!!
You kill the ribbon worm!
You block the bat's attack. The bat closely misses you.
The orc priest invokes the aid of Beogh against you.
Beogh smites you!
* * * LOW HITPOINT WARNING * * *
You miss the bat. The bat closely misses you. The bat barely misses you.
You closely miss the bat. The bat hits you but does no damage. x2
You hit the bat.
You kill the bat!
You slash the orc wizard! You tail-slap the orc wizard!
You kill the orc wizard!
You have reached level 5!
You roll towards the orc priest!
A ribbon worm comes into view.
You slash the orc priest!
The orc priest is almost dead.
The orc priest calls down the wrath of Beogh upon you.
Beogh smites you!
You die...

.. .## ... #?.
###.# .... ).#)#
#...## #.#.#
..... #.#.#
#...##.#†#
#....#@#
~~~###..{#o#####
.~~.......o.<.>#
..~~o...o###.#)#
....o...w# #.# #
~~..~....# #.#
..~o.....# ...
⌠...=....# #.#
~~.......# #.#


You could see a ribbon worm, an orc priest and 2 orcs.

Vanquished Creatures
  An orc wizard (D:3)
  Robin (D:2)
  2 adders
  A gnoll (D:2)
  2 dart slugs
  5 ribbon worms
  An orc (D:3)
  4 ball pythons
  5 bats
  5 endoplasms
  4 giant cockroaches
  2 hobgoblins (D:1)
  5 jackals (D:2)
  5 quokkas
  2 frilled lizards (D:1)
  12 goblins
  5 kobolds
  5 rats
67 creatures vanquished.

Notes
Turn   | Place    | Note
-------+----------+-------------------------------------------
     0 | D:1      | boopmooplesden the Armataur Fighter began the quest for the
                  | Orb.
     0 | D:1      | Reached XP level 1. HP: 18/18 MP: 1/1
   114 | D:1      | Reached skill level 4 in Armour
   122 | D:1      | Reached XP level 2. HP: 25/25 MP: 2/2
   542 | D:1      | Reached XP level 3. HP: 30/30 MP: 3/3
  1232 | D:2      | Noticed Robin
  1244 | D:2      | Killed Robin
  1245 | D:2      | Reached XP level 4. HP: 31/38 MP: 4/4
  1812 | D:3      | Reached XP level 5. HP: 10/45 MP: 5/5
  1812 | D:3      | Killed from afar by an orc priest

Illustrated notes

Levels and vault maps discovered:
D:1:      minmay_arrival_shattered_statue, layout_loops_ring,
          nicolae_concentric_dashed_squares_mild
D:2:      layout_loops_ring, cheibrodos_gnoll_hut, uniq_robin
D:3:      cheibrodos_helix_gallery, layout_basic, kennysheep_generic_room_11

Skill      XL: |  1  2  3  4 |
---------------+-------------+-----
Armour         | 4 |  4.8
Long Blades    | 2 3 |  3.4
Fighting       | 3 |  3.1
Dodging        | |  0.3
Stealth        | |  0.1
Shields        | |  3.7

Action                     |  1- 3 |  4- 6 || total
---------------------------+-------+-------++-------
  Melee: Long sword        |   173 |    58 ||   231
         Tailslap          |    21 |     3 ||    24
    Use: Scroll            |     2 |     3 ||     5
         Potion            |       |     1 ||     1
 Armour: Scale mail        |   136 |    46 ||   182
  Dodge: Dodged            |    67 |    25 ||    92
  Block: Buckler           |    41 |    15 ||    56
